 Dungeon Crawl Stone Soup version 0.25-a0-578-gc91f01c39c (webtiles) character file.

Game seed: 4826751820056476696, levelgen mode: deterministic

2905 drasked the Thaumaturge (level 9, -2/45 HPs)
             Began as a Deep Elf Fire Elementalist on Mar 7, 2020.
             Slain by a killer bee (4 damage)
             ... on level 7 of the Dungeon.
             The game lasted 00:31:30 (10269 turns).

drasked the Thaumaturge (DEFE)                     Turns: 10269, Time: 00:31:30

Health: -2/45      AC:  2    Str:  5    XL:     9   Next: 49%
Magic:  0/25       EV: 13    Int: 24    God:
Gold:   303        SH:  0    Dex: 15    Spells: 15/28 levels left

rFire    . . .     SeeInvis .   c - +3 dagger (venom)
rCold    . . .     Gourm    .   (no shield)
rNeg     . . .     Faith    .   a - +0 robe
rPois    .         Spirit   +   (no helmet)
rElec    .         Reflect  .   (no cloak)
rCorr    .         Harm     .   (no gloves)
MR       .....                  (no boots)
Stlth    ++........             G - amulet of guardian spirit {SpiritSpirit}
HPRegen  0.15/turn              (no ring)
MPRegen  0.19/turn              (no ring)

@: lethally poisoned (-2 -> -18)
A: no striking features
a: no special abilities


You were on level 7 of the Dungeon.
You were not hungry.

You visited 2 branches of the dungeon, and saw 9 of its levels.
You also visited: Sewer.

You collected 303 gold pieces.

Inventory:

Hand Weapons
 c - a +3 dagger of venom (weapon)
   (You took it off Dowan on level 5 of the Dungeon)
Missiles
 j - a throwing net (quivered) {=f, !d=f}
 o - 24 poisoned darts
Armour
 a - a +0 robe (worn)
 u - a +2 pair of boots
   (You found it on level 7 of the Dungeon)
Magical Staves
 r - an uncursed staff of cold {unknown}
   (You found it on level 7 of the Dungeon)
Jewellery
 G - an amulet of guardian spirit (around neck) {SpiritSpirit}
   (You found it on level 1 of the Dungeon)
Scrolls
 g - a scroll of fear
 k - a scroll of fog {unknown}
 m - a scroll of enchant armour {unknown}
 q - a scroll of amnesia
 t - 7 scrolls of teleportation
 w - 2 scrolls of remove curse
Potions
 b - a potion of berserk rage {unknown}
 d - a potion of might
 f - 5 potions of cancellation {unknown}
 h - a potion of haste {unknown}
 i - 2 potions of flight {unknown}
 l - 2 potions of heal wounds
 n - a potion of resistance
 p - a potion of mutation {unknown}
 s - a potion of invisibility {unknown}
 v - a potion of magic {unknown}
 x - a potion of lignification {unknown}
Comestibles
 e - 4 rations


   Skills:
 - Level 2.4 Dodging
 - Level 2.4 Stealth
 - Level 10.0 Spellcasting
 + Level 8.8 Conjurations
 + Level 8.6 Fire Magic
 - Level 2.0 Earth Magic


You had 15 spell levels left.
You knew the following spells:

 Your Spells              Type           Power        Failure   Level  Hunger
a - Foxfire               Conj/Fire      ####         1%          1    None
f - Fireball              Conj/Fire      ######....   4%          5    ####...
s - Sticky Flame          Conj/Fire      ######..     1%          4    #......
x - Stone Arrow           Conj/Erth      #####.       1%          3    None

Your spell library contained the following spells:

 Spells                   Type           Power        Failure   Level  Hunger
 Conjure Flame            Conj/Fire      ######..     1%          3    None
 Sandblast                Erth           ###...       2%          1    None
 Inner Flame              Hex/Fire       ####....     2%          3    None
 Animate Skeleton         Necr           N/A          5%          1    None
 Apportation              Tloc           ##....       5%          1    None
 Beastly Appendage        Tmut           ##....       5%          1    None
 Corona                   Hex            ##.....      5%          1    None
 Summon Small Mammal      Summ           ##..         5%          1    None
 Passwall                 Tmut/Erth      ###.....     5%          2    None
 Sticks to Snakes         Tmut           ##......     8%          2    None
 Spider Form              Tmut/Pois      ##........   16%         3    None
 Petrify                  Tmut/Erth      ###.....     34%         4    #......
 Ice Form                 Ice/Tmut       ##......     45%         4    #......
 Lee's Rapid Deconstruct  Erth           ###.......   54%         5    ####...
 Blade Hands              Tmut           ##........   82%         5    ####...


Dungeon Overview and Level Annotations

Branches:
Dungeon (8/15)             Temple (1/1) D:6           Sewer (visited)
   Lair: D:8-11

Altars:
Ashenzari
Cheibriados
Dithmenos
Elyvilon
Fedhas
Gozag
Hepliaklqana
Kikubaaqudgha
Makhleb
Nemelex Xobeh
Okawaru
Qazlal
Ru
Sif Muna
Trog
Uskayaw
Wu Jian
Xom
Yredelemnul
Zin
The Shining One


Message History

A gnoll sergeant is nearby!
You conjure some foxfire!
The gnoll sergeant shouts!
You hear a howl! x2
A howler monkey comes into view.
A two-headed ogre comes into view. It is wielding two +0 giant clubs.
The foxfire hits the gnoll sergeant but does no damage.
The howler monkey hoots and howls with incredible vigour!
The foxfire hits the gnoll sergeant.
You hear a bark!
There is a stone staircase leading up, spattered with blood here.
Things that are here:
a cursed +3 short sword; a +0 robe
Aim: a gnoll sergeant, wielding a -2 spear and wearing a +0 ring mail (lightly wounded)
The stone arrow hits the gnoll sergeant!
The fireball explodes!
The fireball engulfs the howler monkey!
The fireball engulfs the gnoll sergeant!
You kill the gnoll sergeant!
* * * LOW MAGIC WARNING * * *
You are near starving!
You hear a shout!
The howler monkey hoots and howls with incredible vigour!
You hear an angry hiss.
You hear a shout!
You hear a bark!
You hear a shout!
The fireball explodes!
The fireball engulfs the howler monkey!
You kill the howler monkey!
Your life force feels restored.
The fireball engulfs the two-headed ogre!!
* * * LOW MAGIC WARNING * * *
You hear a shout!
A crimson imp comes into view.
A howler monkey comes into view.
You climb upwards.
There is a stone staircase leading down here.
You eat one of the 5 rations.
That ration really hit the spot!
You start resting.
You start resting.
Things that are here:
a +0 robe; a cursed +2 long sword
There is an open door here.
There is an open door here.
There is an open door here.
Things that are here:
a +0 robe; a +0 dagger
There is a stone staircase leading down here.
Things that are here:
a +0 leather armour; a +0 short sword You climb downwards.
There is a stone staircase leading up here. 4 killer bees come into view.
The killer bee buzzes angrily. x2
A killer bee comes into view.
A killer bee comes into view.
The killer bee barely misses you. The killer bee stings you.
The killer bee stings you. The killer bee stings you!
You are poisoned.
The killer bee poisons you!
You feel sick. The killer bee stings you! The killer bee stings you.
You are more poisoned.
The killer bee poisons you! The killer bee stings you.
* * * LOW HITPOINT WARNING * * *
There is a stone staircase leading up, spattered with blood here.
You feel sick. The killer bee stings you!
* * * LOW HITPOINT WARNING * * *
The killer bee stings you!
* * * LOW HITPOINT WARNING * * *
The killer bee misses you.
The killer bee stings you but does no damage.
You climb upwards.
* * * LOW HITPOINT WARNING * * *
You feel sick.
There is a stone staircase leading down here.
Things that are here:
a +0 leather armour; a +0 short sword
Aim: a killer bee The sticky flame hits the killer bee.
The killer bee is covered in liquid flames!
* * * LOW MAGIC WARNING * * *
You feel sick.
The killer bee burns!
The killer bee stings you.
* * * LOW MAGIC WARNING * * *;
* * * LOW HITPOINT WARNING * * *
The killer bee misses you.
The killer bee stings you but does no damage.
The killer bee misses you.
You don't know that spell.
You feel much better.
You feel sick.
The killer bee burns!
The killer bee closely misses you. The killer bee stings you!
* * * LOW MAGIC WARNING * * *;
* * * LOW HITPOINT WARNING * * *
The killer bee barely misses you. The killer bee stings you!
* * * LOW MAGIC WARNING * * *;
* * * LOW HITPOINT WARNING * * *
You conjure some foxfire!
* * * LOW MAGIC WARNING * * *
You feel sick.
The killer bee burns!
The killer bee misses you. The killer bee stings you!
* * * LOW MAGIC WARNING * * *;
* * * LOW HITPOINT WARNING * * *
The killer bee closely misses you. The killer bee stings you!
* * * LOW MAGIC WARNING * * *;
* * * LOW HITPOINT WARNING * * *
You are more poisoned.
The killer bee poisons you!
* * * LOW HITPOINT WARNING * * *
You feel sick.
The killer bee burns!
The foxfire hits the killer bee but does no damage.
The killer bee stings you.
You die...

################################
...............................#
##############################.#
####################### #.#
.................(....#
######.##
#####################.#
#....#... #.# #....####
###########.###....####
#.....@y[.....'....'...
#.####y####(###....####
#.##...)..(.# #....# #.
#.##........######## #.
#.##........#.....# #.
#.####+####.#.....####. #.#
#......'.....'.... ##'##
######.#.....##... #######...#
#.#.....##...


You could see 2 killer bees.

Levels and vault maps discovered:
D:1:      tarquinn_simple_flora_water_b, layout_loops_ring, serial_forest,
          infiniplex_forest_lined_3, infiniplex_forest_end_2,
          infiniplex_forest_end_3, infiniplex_forest_lined_room_2,
          infiniplex_forest_clump_large, infiniplex_forest_lined_2,
          infiniplex_forest_lined_2, infiniplex_forest_clump_small,
          infiniplex_forest_clump_double
D:2:      layout_basic, minmay_misc_feat_rugged
D:3:      layout_loops_ring, chequers_ecumenical_altar_simple, first_ration
D:4:      layout_loops_ring, gup_sewer_entry_spiral, minmay_misc_feat_iff
D:5:      layout_basic, nemelex_spade_bored_becter, uniq_duvessa
D:6:      layout_rooms, minmay_temple_entry_statues_fountains
D:7:      layout_basic, grunt_dithmenos_smoke_and_mirrors
D:8:      layout_cave_pools, erik_lair_island
Temple:   compressed_dpeg_circular_temple

Notes
Turn   | Place    | Note
-------+----------+-------------------------------------------
     0 | D:1      | drasked the Deep Elf Fire Elementalist began the quest for
                  | the Orb.
     0 | D:1      | Reached XP level 1. HP: 10/10 MP: 6/6
    67 | D:1      | Identified a +0 dagger
   321 | D:1      | Reached XP level 2. HP: 15/15 MP: 4/8
   464 | D:1      | Identified a +0 dagger
   611 | D:1      | Reached skill level 2 in Conjurations
   725 | D:1      | Identified a +0 dagger
  1388 | D:2      | Reached skill level 4 in Fire Magic
  1455 | D:2      | Identified a +0 club
  1535 | D:2      | Reached XP level 3. HP: 19/19 MP: 7/9
  1611 | D:2      | Identified a +0 whip of electrocution
  1700 | D:2      | Identified a +0 hunting sling
  1885 | D:2      | Identified a +0 dagger
  2104 | D:2      | Identified an amulet of guardian spirit (You found it on
                  | level 1 of the Dungeon)
  2213 | D:3      | Identified a +0 club
  2244 | D:3      | Noticed a killer bee
  2259 | D:3      | Killed a killer bee
  2259 | D:3      | Reached skill level 3 in Conjurations
  2259 | D:3      | Reached XP level 4. HP: 21/24 MP: 6/10
  2268 | D:2      | Identified 2 scrolls of identify
  2268 | D:2      | Identified a potion of resistance
  2269 | D:2      | Identified a potion of might
  2270 | D:2      | Identified a potion of degeneration
  2271 | D:2      | Identified a potion of brilliance
  2272 | D:2      | Identified a potion of heal wounds
  2453 | D:3      | Identified a +0 short sword
  2532 | D:3      | Found a faded altar of an unknown god.
  2596 | D:3      | Identified a +0 club
  2641 | D:3      | Identified a cursed -2 whip
  2804 | D:3      | Identified a +0 quarterstaff
  2806 | D:3      | Identified a +0 short sword
  2946 | D:3      | Reached skill level 4 in Conjurations
  2946 | D:3      | Reached skill level 5 in Fire Magic
  2946 | D:3      | Reached XP level 5. HP: 28/28 MP: 7/11
  2964 | D:3      | HP: 7/28 [poisoned by a killer bee]
  2972 | D:3      | HP: 6/28 [poisoned by a killer bee]
  3331 | D:3      | Reached XP level 6. HP: 32/32 MP: 9/12
  3582 | D:3      | Learned a level 4 spell: Sticky Flame
  3588 | D:3      | Learned a level 5 spell: Fireball
  3592 | D:4      | Identified a scroll of enchant weapon
  3593 | D:4      | Identified a scroll of amnesia
  3594 | D:4      | Identified a scroll of fear
  3595 | D:4      | Identified 2 scrolls of remove curse
  3596 | D:4      | Identified a scroll of magic mapping
  3597 | D:4      | Identified 2 scrolls of teleportation
  3819 | D:4      | Found a glowing drain.
  3823 | Sewer    | Entered a sewer
  3866 | Sewer    | Noticed Purgy
  3881 | Sewer    | Killed Purgy
  3881 | Sewer    | Reached skill level 5 in Conjurations
  3881 | Sewer    | Reached skill level 6 in Fire Magic
  4324 | D:4      | Identified a +0 mace
  4324 | D:4      | Identified a +0 leather armour
  4639 | D:4      | Reached XP level 7. HP: 32/36 MP: 6/13
  4854 | D:4      | Identified a +0 falchion
  4854 | D:4      | Identified a +0 shortbow
  4854 | D:4      | Identified a +0 robe
  4854 | D:4      | Identified an uncursed amulet of harm
  4868 | D:4      | Reached skill level 6 in Conjurations
  4868 | D:4      | Reached skill level 7 in Fire Magic
  5201 | D:4      | Noticed a hippogriff
  5228 | D:4      | Killed a hippogriff
  5228 | D:4      | Reached skill level 7 in Conjurations
  5547 | D:5      | Entered Level 5 of the Dungeon
  5597 | D:5      | Reached skill level 4 in Spellcasting
  5680 | D:5      | Reached skill level 5 in Spellcasting
  5680 | D:5      | Reached XP level 8. HP: 41/41 MP: 13/17
  5870 | D:5      | Identified a +0 shortbow
  5876 | D:5      | Reached skill level 6 in Spellcasting
  5893 | D:5      | Reached skill level 7 in Spellcasting
  6280 | D:5      | Identified a +0 leather armour
  6281 | D:5      | Identified a +3 dagger of venom
  6281 | D:5      | Identified a +0 robe
  6281 | D:5      | Noticed Dowan
  6288 | D:5      | Identified a +1 short sword of freezing
  6288 | D:5      | Identified a +0 leather armour
  6288 | D:5      | Noticed Duvessa
  6300 | D:5      | Killed Duvessa
  6300 | D:5      | Reached skill level 8 in Spellcasting
  6396 | D:5      | Killed Dowan
  6577 | D:5      | Reached skill level 9 in Spellcasting
  7226 | D:5      | Identified a +0 ring mail
  7252 | D:5      | Identified a +4 dagger
  7252 | D:5      | Identified a +0 robe
  7253 | D:5      | Identified a +0 trident
  7253 | D:5      | Identified a +0 leather armour
  7254 | D:5      | Identified a +0 dagger
  7254 | D:5      | Identified a +0 robe
  7256 | D:5      | Identified a +1 short sword of electrocution
  7258 | D:5      | Identified a +0 hand axe
  7262 | D:5      | Reached skill level 10 in Spellcasting
  7458 | D:5      | Found a sparkling altar of Nemelex Xobeh.
  7564 | D:5      | Identified a +0 dire flail
  7564 | D:5      | Identified a +0 chain mail
  7564 | D:5      | Identified a +0 dagger
  7564 | D:5      | Identified a +0 leather armour
  7773 | D:6      | Identified a cursed +0 giant club
  7906 | D:6      | Learned a level 3 spell: Stone Arrow
  7910 | D:6      | Identified a +0 mace
  7912 | D:6      | Reached XP level 9. HP: 45/45 MP: 17/25
  7972 | D:6      | Identified a +0 short sword
  7972 | D:6      | Identified a +0 leather armour
  7975 | D:6      | Identified a +0 trident of venom
  7975 | D:6      | Identified a cursed +0 ring mail
  7975 | D:6      | Identified a +0 club
  7977 | D:6      | Reached skill level 1 in Earth Magic
  7978 | D:6      | Identified a +0 dagger
  7978 | D:6      | Identified a +0 flail
  7978 | D:6      | Identified a +0 ring mail
  8247 | D:6      | Found a staircase to the Ecumenical Temple.
  8256 | Temple   | Entered the Ecumenical Temple
  8613 | D:7      | Identified a +0 giant club
  8717 | D:7      | Reached skill level 8 in Conjurations
  8717 | D:7      | Reached skill level 2 in Earth Magic
  8752 | D:7      | Identified a +0 short sword
  8752 | D:7      | Identified a +0 leather armour
  8752 | D:7      | Identified a +0 dagger
  8752 | D:7      | Identified a +0 robe
  8755 | D:7      | Identified a +0 shortbow
  8756 | D:7      | Identified a +0 dagger
  8756 | D:7      | Identified a cursed -2 robe
  8761 | D:7      | Identified a +0 dagger
  9209 | D:7      | Reached skill level 8 in Fire Magic
  9246 | D:7      | Identified a +0 giant club
  9312 | D:7      | Found a shadowy altar of Dithmenos.
  9713 | D:8      | Identified a +0 dagger
  9713 | D:8      | Identified a +0 robe
  9713 | D:8      | Identified a +0 short sword
  9713 | D:8      | Identified a +0 leather armour
  9713 | D:8      | Identified a +0 whip
  9713 | D:8      | Identified a +0 leather armour
  9713 | D:8      | Identified a cursed -2 whip
  9713 | D:8      | Identified a +0 ring mail
  9714 | D:8      | Identified a +0 club
  9718 | D:8      | Noticed a troll
  9752 | D:7      | HP: 11/45 [poisoned by a worker ant]
 10023 | D:8      | Identified a cursed +2 long sword
 10023 | D:8      | Identified a +0 robe
 10023 | D:8      | Identified a cursed +3 short sword
 10023 | D:8      | Identified a +0 robe
 10066 | D:8      | Identified a +2 war axe of freezing
 10066 | D:8      | Identified a +0 robe
 10105 | D:8      | Identified a cursed -2 spear
 10105 | D:8      | Identified a +0 ring mail
 10106 | D:8      | Identified a +0 giant club
 10106 | D:8      | Identified a +0 giant club
 10106 | D:8      | Noticed a two-headed ogre
 10113 | D:8      | Identified a +0 whip
 10266 | D:7      | HP: 10/45 [killer bee (4)]
 10268 | D:7      | HP: 4/45 [killer bee (7)]
 10269 | D:7      | Slain by a killer bee

Table legend:
 A = Turns spent in this place as a percentage of turns spent in the entire game.
 B = Non-inter-level travel turns spent in this place as a percentage of non-inter-level travel turns spent in the entire game.
 C = Inter-level travel turns spent in this place as a percentage of turns spent in this place.
 D = Turns resting spent in this place as a percentage of non-inter-level travel turns spent in this place.
 E = Turns spent auto-exploring this place as a percentage of non-inter-level travel turns spent in this place.
 F = Non-inter-level travel turns spent in this place divided by the number of levels of this place that you've seen.
                   A       B       C       D       E      F
               +-------+-------+-------+-------+-------+----------------------
         Total | 100.0 | 100.0 |   4.0 |  38.1 |  44.4 | 985.9
       Dungeon |  95.9 |  95.8 |   4.1 |  37.7 |  45.0 | 1180.4
        Temple |   0.8 |   0.8 |   9.8 |   0.0 |  97.3 |  74.0
         Sewer |   3.3 |   3.5 |   0.0 |  58.5 |  17.5 | 342.0
               +-------+-------+-------+-------+-------+----------------------

Table legend:
 A = Kills in this place as a percentage of kills in entire the game.
 B = Kills by you in this place as a percentage of kills by you in the entire game.
 C = Kills by friends in this place as a percentage of kills by friends in the entire game.
 D = Other kills in this place as a percentage of other kills in the entire game.
 E = Experience gained in this place as a percentage of experience gained in the entire game.
 F = Experience gained in this place divided by the number of levels of this place that you have seen.
                   A       B       C       D       E      F
               +-------+-------+-------+-------+-------+----------------------
         Total | 100.0 | 100.0 |   N/A |   N/A | 100.0 | 415.1
       Dungeon |  96.1 |  96.1 |   N/A |   N/A |  96.6 | 501.2
         Sewer |   3.9 |   3.9 |   N/A |   N/A |   3.4 | 141.0
               +-------+-------+-------+-------+-------+----------------------

Skill      XL: |  1  2  3  4  5  6  7  8  9 |
---------------+----------------------------+-----
Conjurations   | 2 3 4 5 7 8 |  8.8
Fire Magic     | 4 5 6 7 8 |  8.6
Spellcasting   | 5 10 | 10.0
Earth Magic    | 2 |  2.0
Dodging        | |  2.4
Stealth        | |  2.4

Action                   |  1- 3 |  4- 6 |  7- 9 || total
-------------------------+-------+-------+-------++-------
Melee: Dagger            |       |    12 |    11 ||    23
Throw: Throwing net      |       |    14 |     1 ||    15
 Cast: Foxfire           |    66 |    87 |   146 ||   299
       Sticky Flame      |       |       |    12 ||    12
       Fireball          |       |       |    10 ||    10
       Stone Arrow       |       |       |    19 ||    19
  Use: Potion            |       |     3 |     1 ||     4
       Scroll            |       |     8 |       ||     8
 Stab: Held in net/web   |       |     5 |       ||     5
  Eat: Chunk             |     3 |     5 |    14 ||    22
       Ration            |       |     1 |     2 ||     3
Armor: Robe              |     5 |    16 |     9 ||    30
Dodge: Dodged            |    24 |    59 |   103 ||   186

Vanquished Creatures
  A hippogriff (D:4)
  Duvessa (D:5)
  4 ice beasts (D:5)
  An orc warrior (D:5)
  Purgy (Sewer)
  3 ogres
  A phantom (D:4)
  3 centaurs
  5 bullfrogs
  A gnoll sergeant (D:8)
  A wyvern skeleton (D:7)
  Dowan (D:5)
  3 killer bees (D:3)
  3 wights
  A howler monkey (D:8)
  2 crimson imps
  A bullfrog zombie (D:6)
  2 hounds (D:5)
  2 orc priests
  4 orc wizards
  An iguana (D:4)
  6 worker ants
  A hound zombie (D:6)
  A howler monkey zombie (D:5)
  A howler monkey skeleton (D:4)
  4 adders
  A shadow imp (D:6)
  An adder zombie (D:6)
  3 worms
  6 leopard geckos
  21 orcs
  3 ball pythons
  4 giant cockroaches
  5 goblins
  4 hobgoblins
  13 jackals
  5 quokkas
  12 bats
  3 frilled lizards
  8 kobolds
  A quokka skeleton (D:7)
  9 rats
154 creatures vanquished.

Vanquished Creatures (others)
  455 foxfires
455 creatures vanquished.

Grand Total: 609 creatures vanquished
